 Dungeon Crawl Stone Soup version 0.17.1-2-g5865329 (webtiles) character file.

322 kaze the Ruffian (level 6, 57/61 HPs)
             Began as a Troll Berserker on Jan 27, 2016.
             Was a Believer of Trog.
             Starved to death
             ... on level 4 of the Dungeon.
             The game lasted 00:09:24 (2040 turns).

kaze the Ruffian (Troll Berserker)                  Turns: 2040, Time: 00:09:25

Health: 57/61      AC:  5    Str: 28    XL:     6   Next: 22%
Magic:  5/5        EV: 10    Int:  3    God:    Trog [**....]
Gold:   138        SH:  0    Dex:  9    Spells: 0 memorised, 5 levels left

rFire  . . .     SeeInvis .     p - +0 giant spiked club
rCold  . . .     Clarity  .     a - +0 animal skin
rNeg   . . .     SustAt   .     (shield currently unavailable)
rPois  .         Gourm    +     (helmet restricted)
rElec  .         Spirit   .     (no cloak)
rCorr  .         Warding  .     (gloves unavailable)
rMut   .         Stasis   .     (boots unavailable)
MR     .....                    f - amulet of regeneration
Stlth  +.........               (no ring)
                                d - ring of flight

@: fainting, not resistant to hostile enchantments, very unstealthy
A: unfitting armour, claws 3, fast metabolism 3, gourmand, regeneration 2,
shaggy fur 1, tough skin 2
a: Berserk, Trog's Hand, Burn Spellbooks, Renounce Religion, Evoke Flight


You were on level 4 of the Dungeon.
You worshipped Trog.
Trog was pleased with you.
You were fainting.

You visited 1 branch of the dungeon, and saw 4 of its levels.

You collected 138 gold pieces.

Inventory:

Hand Weapons
 p - a +0 giant spiked club (weapon)
Armour
 a - a +0 animal skin (worn)
Jewellery
 d - a ring of flight (left claw)
 f - an amulet of regeneration (around neck)
Scrolls
 c - 3 scrolls of fog {unknown}
 g - 2 scrolls of enchant weapon {unknown}
 h - a scroll of identify {unknown}
 j - a scroll of amnesia {unknown}
 q - a scroll of blinking {unknown}
Potions
 e - a potion of might {unknown}
 i - a potion of heal wounds {unknown}
 l - a potion of flight {unknown}
 m - 2 potions of lignification {unknown}
 n - a potion of curing {unknown}
Comestibles
 b - 3 chunks of flesh
 k - a slice of pizza
 o - 2 beef jerkies


   Skills:
 + Level 3.6 Fighting
 + Level 0.5 Maces & Flails
 + Level 4.1 Dodging
 + Level 0.4 Stealth
 + Level 4.4 Unarmed Combat


You had 5 spell levels left.
You didn't know any spells.

Dungeon Overview and Level Annotations

Branches:
Dungeon (4/15)
 Temple: D:4-7

Altars:
Dithmenos
Okawaru
Sif Muna
Zin


Innate Abilities, Weirdness & Mutations

You are too large for most types of armour.
You have claws for hands.
Your metabolism is lightning-fast.
You like to eat raw meat.
You heal very quickly.
You are covered in fur (AC +1).
You have very tough skin (AC +2).


Message History

The hungry ghost hits you.
You feel slightly more hungry. The hungry ghost hits you.
You feel slightly more hungry.
You closely miss the hungry ghost.
The hungry ghost is heavily damaged.
The hungry ghost hits you.
You feel slightly more hungry. The hungry ghost hits you.
You feel slightly more hungry.
You miss the hungry ghost.
The hungry ghost is heavily damaged.
The hungry ghost hits you.
You feel slightly more hungry. The hungry ghost barely misses you.
You miss the hungry ghost.
The hungry ghost is heavily damaged.
The hungry ghost closely misses you. The hungry ghost misses you.
You miss the hungry ghost.
The hungry ghost is heavily damaged.
The hungry ghost hits you. x2
You closely miss the hungry ghost.
The hungry ghost is heavily damaged.
You have starved to death.
You die...

#...#...#
######'#### #
#..###.##.##.#
#.............
#.............
#...##..#######.
#...##..#......#
#.......#......#
#.......@W.....#
#########......#
#######


You could see a hungry ghost.

Vanquished Creatures
  2 ogres (D:4)
  A scorpion (D:4)
  4 adders
  A shadow imp (D:3)
  A worm (D:3)
  3 giant cockroaches
  5 goblins
  7 hobgoblins
  8 jackals
  7 bats
  3 giant geckos
  3 giant newts
  7 kobolds
  3 rats
55 creatures vanquished.

Notes
Turn   | Place    | Note
--------------------------------------------------------------
     0 | D:1      | kaze the Troll Berserker began the quest for the Orb.
     0 | D:1      | Reached XP level 1. HP: 22/22 MP: 0/0
   312 | D:1      | Reached XP level 2. HP: 26/29 MP: 1/1
   737 | D:2      | Reached ** piety under Trog
   780 | D:2      | Reached XP level 3. HP: 24/36 MP: 2/2
  1078 | D:3      | Found a glowing silver altar of Zin.
  1139 | D:3      | Found a shadowy altar of Dithmenos.
  1187 | D:3      | Reached XP level 4. HP: 31/44 MP: 3/3
  1388 | D:3      | Found an iron altar of Okawaru.
  1426 | D:3      | Reached skill level 4 in Unarmed Combat
  1766 | D:4      | Noticed an ogre
  1778 | D:4      | Killed an ogre
  1778 | D:4      | Reached XP level 5. HP: 27/53 MP: 4/4
  1914 | D:4      | Noticed an ogre
  1917 | D:4      | Found a deep blue altar of Sif Muna.
  1921 | D:4      | Killed an ogre
  1921 | D:4      | Reached XP level 6. HP: 25/61 MP: 5/5
  2023 | D:4      | Noticed a hungry ghost
  2040 | D:4      | Starved to death

Action                   |  1- 3 |  4- 6 || total
-------------------------+-------+-------++-------
Melee: Unarmed           |   114 |    49 ||   163
       Giant spiked club |       |    24 ||    24
Invok: Burn Spellbooks   |     1 |       ||     1
       Berserk           |     2 |     2 ||     4
 Stab: Sleeping          |     1 |     1 ||     2
  Eat: Chunk             |     2 |     7 ||     9
       Bread ration      |     2 |     1 ||     3
       Meat ration       |       |     1 ||     1
